 Dungeon Crawl Stone Soup version 0.31.0-1-g2c135a008e (webtiles) character file.

Game seed: 5496110328407494500

332 qw the Shooter (level 6, -1/47 HPs)
             Began as a Djinni Hunter on Jan 23, 2024.
             Slain by a black bear (2 damage)
             ... on level 5 of the Dungeon.
             The game lasted 00:00:11 (3016 turns).

qw the Shooter (Djinni Hunter)                      Turns: 3016, Time: 00:00:11

Health: -1/47      AC:  8    Str: 10    XL:     6   Next: 82%
Gold:   162        EV: 11    Int: 11    God:
                   SH:  0    Dex: 18

rFire   + + .        a - +0 shortbow (drain)
rCold   x . .        (shield currently unavailable)
rNeg    + . .        k - +0 ring mail
rPois   inf          (no helmet)
rElec   .            (no cloak)
rCorr   +            d - +2 pair of gloves
SInv    .            (boots unavailable)
Will    .....        (no amulet)
Stlth   +            g - ring of positive energy
HPRegen 0.27/turn    l - ring of resist corrosion
MPRegen 0.00/turn

%: infuse magic (-2 HP)
@: about to teleport, flying
A: sickness immunity, fire resistance 2, cold vulnerability 1, float, innate
caster, HP casting, extra vitality 1
a: no special abilities


You were on level 5 of the Dungeon.
You visited 1 branch of the dungeon, and saw 5 of its levels.

You collected 162 gold pieces.


Innate Abilities, Weirdness & Mutations

You are immune to sickness and miasma.
You are immune to poison.
Your flesh is very heat resistant. (rF++)
You are vulnerable to cold. (rC-)
You float through the air rather than walking.
You learn spells naturally, not from books.
Your magical power is your life essence.
You have superior vitality. (+4 MHP)


   Skills:
 - Level 4.0 Fighting
 + Level 5.1 Ranged Weapons
 - Level 1.2 Armour
 - Level 3.0 Dodging
 - Level 0.7 Stealth


You knew the following spells:

 Your Spells              Type           Power      Damage    Failure   Level
a - Slow                  Hex            0%         N/A       65%         1
b - Mercury Vapours       Alch/Air       0%         N/A       80%         2
Your spell library was empty.

Inventory:

Hand Weapons
 a - a +0 shortbow of draining (weapon)
Armour
 d - a +2 pair of gloves (worn)
 k - a +0 ring mail (worn)
Jewellery
 g - a ring of positive energy (left hand)
 l - a ring of resist corrosion (right hand)
Wands
 j - a wand of flame (20)
Potions
 e - 3 potions of curing

Dungeon Overview and Level Annotations

Branches:
Dungeon (5/15)
 Temple: D:4-7

Altars:

Shops:
D:1 (


Message History

The black bear completely misses you.
The black bear claws you but does no damage.
The black bear misses you.
You shoot an arrow. The arrow hits the black bear.
The black bear is severely wounded.
The black bear bites you.
The black bear claws you but does no damage. x2
You shoot an arrow. The arrow hits the black bear.
The black bear is severely wounded.
The black bear goes berserk!
The black bear bites you. The black bear closely misses you. x2
3012 ||| RETREEEEATING.
The black bear bites you but does no damage.
The black bear claws you but does no damage. x2
Enter note:
3013 ||| RETREEEEATING.
The black bear attacks as it pursues you!
The black bear bites you.
The black bear claws you but does no damage.
The black bear closely misses you. The iguana attacks as it pursues you!
The iguana closely misses you.
The black bear bites you but does no damage.
The black bear claws you. The black bear barely misses you.
Enter note:
3014 ||| RETREEEEATING.
Enter note:
3015 ||| RETREEEEATING.
The black bear attacks as it pursues you!
The black bear barely misses you. The black bear closely misses you.
The black bear claws you. The iguana attacks as it pursues you!
The iguana bites you! The black bear bites you.
The black bear claws you but does no damage.
The black bear barely misses you.
There is an open door here.
3016 ||| READING scroll of teleportation.
As you read the scroll of teleportation, it crumbles to dust.
You feel strangely unstable. The black bear closely misses you.
The black bear barely misses you. The black bear claws you.
You die...

#....# #......# #....#
#......# #....# #......#
#....# #......# #....#
#......# #....# #......#
#....####......#### #
#.....#.###.......# ##
+....h@...'.......# #.
#....l#...#.......# #.
............#.###.......#####
.......######.# #####+#......
....... ... ........#....
....$.. .... ........#....
....... ..............+....
....... ...............#....
l)..... ........#....


You could see a black bear (berserk, drained) and an iguana.

Vanquished Creatures
  2 hounds (D:4)
  A jelly (D:5)
  A sleepcap (D:5)
  2 iguanas (D:4)
  Terence (D:2)
  3 adders
  A shadow imp (D:5)
  5 dart slugs
  2 ribbon worms (D:3)
  7 orcs
  4 ball pythons
  11 bats
  4 endoplasms
  6 giant cockroaches
  4 goblins
  5 hobgoblins
  6 jackals
  4 quokkas
  4 frilled lizards (D:1)
  2 kobolds (D:1)
  6 rats
81 creatures vanquished.

Notes
Turn   | Place    | Note
-------+----------+-------------------------------------------
     0 | D:1      | qw the Djinni Hunter began the quest for the Orb.
     0 | D:1      | Reached XP level 1. HP: 18/18 MP: 0/0
     0 | D:1      | 0 ||| qw: Version: 0.3-a-136-gdd3b4e8
     0 | D:1      | 0 ||| qw: Game counter: 1062
     0 | D:1      | 0 ||| qw: Melee chars always use a shield: true
     0 | D:1      | 0 ||| qw: God list: Okawaru
     0 | D:1      | 0 ||| qw: Allow faded altars: false
     0 | D:1      | 0 ||| qw: Do Orc after clearing Dungeon:15 true
     0 | D:1      | 0 ||| qw: Do second Lair branch before Depths: true
     0 | D:1      | 0 ||| qw: Lair rune preference: random
     0 | D:1      | 0 ||| qw: Goals: Normal
     0 | D:1      | 0 ||| PLANNING D:1-11
    14 | D:1      | Found Osylaukh's Weapon Shop.
    55 | D:1      | Reached XP level 2. HP: 23/23 MP: 0/0
   124 | D:1      | Reached XP level 3. HP: 24/28 MP: 0/0
   124 | D:1      | Learned a level 1 spell: Slow
   144 | D:1      | Reached skill level 4 in Ranged Weapons
   592 | D:1      | Found a faded altar of an unknown god.
   592 | D:1      | Noticed a shadow demon
   652 | D:1      | 652 ||| UPGRADING to ring of positive energy.
   653 | D:1      | 653 ||| READING scroll labelled DASHERGH MUIRHOQU.
   653 | D:1      | 653 ||| IDENTIFYING scroll labelled UTACLAY ILOUSHRASH
   654 | D:1      | 654 ||| READING scroll labelled ZISOINKE CATYI.
   659 | D:1      | 659 ||| DROPPING scroll of butterflies.
   660 | D:1      | 660 ||| DROPPING scroll of amnesia.
   997 | D:2      | Noticed Terence
  1009 | D:2      | HP: 2/29 [Terence/+0 falchion (6)]
  1011 | D:2      | Killed Terence
  1012 | D:2      | Reached skill level 3 in Fighting
  1012 | D:2      | Reached XP level 4. HP: 3/35 MP: 0/0
  1428 | D:2      | 1428 ||| UPGRADING to +2 pair of gloves.
  1433 | D:2      | 1433 ||| READING scroll labelled REGGEN YPOCAIL.
  1434 | D:2      | 1434 ||| DRINKING 2 ruby potions.
  1435 | D:2      | 1435 ||| DROPPING potion of brilliance.
  1478 | D:3      | 1478 ||| STAIRDANCE
  1504 | D:3      | Reached skill level 3 in Dodging
  1538 | D:3      | Reached XP level 5. HP: 37/40 MP: 0/0
  1538 | D:3      | Learned a level 2 spell: Mercury Vapours
  2106 | D:3      | 2106 ||| READING scroll of identify.
  2106 | D:3      | 2106 ||| IDENTIFYING sedimented pink potion
  2107 | D:3      | 2107 ||| READING scroll labelled FUALEONEQY.
  2107 | D:3      | 2107 ||| BRANDING +0 shortbow.
  2108 | D:3      | 2108 ||| READING scroll labelled FIONUTHRIOMA.
  2360 | D:4      | Reached XP level 6. HP: 31/46 MP: 0/0
  2461 | D:4      | Reached skill level 5 in Ranged Weapons
  2605 | D:4      | Identified the +8 whip of the Swamp {holy, *Rage Int+8
                  | Dex-5}
  2832 | D:4      | Reached skill level 1 in Armour
  2839 | D:4      | 2839 ||| DROPPING scarf of shadows.
  2840 | D:4      | 2840 ||| UPGRADING to +0 ring mail.
  2850 | D:4      | 2850 ||| DROPPING +0 leather armour.
  2851 | D:4      | 2851 ||| UPGRADING to ring of resist corrosion.
  2852 | D:4      | 2852 ||| READING scroll of identify.
  2852 | D:4      | 2852 ||| IDENTIFYING lumpy golden potion
  2853 | D:4      | 2853 ||| DROPPING potion of ambrosia.
  2886 | D:5      | Entered Level 5 of the Dungeon
  2992 | D:5      | Noticed a black bear
  2997 | D:5      | 2997 ||| RETREEEEATING.
  3012 | D:5      | 3012 ||| RETREEEEATING.
  3013 | D:5      | 3013 ||| RETREEEEATING.
  3014 | D:5      | 3014 ||| RETREEEEATING.
  3015 | D:5      | 3015 ||| RETREEEEATING.
  3015 | D:5      | HP: 6/47 [iguana (7)]
  3015 | D:5      | HP: 1/47 [black bear (5)]
  3016 | D:5      | 3016 ||| READING scroll of teleportation.
  3016 | D:5      | Slain by a black bear

Levels and vault maps discovered:
D:1:      dpeg_arrival_short_road, layout_basic,
          dreamdust_ecumenical_altar_sealed_demon, serial_shops, shop
D:2:      layout_loops_cross, uniq_terence
D:3:      layout_rooms, grunt_decor_mini_mirrors, grunt_ministairs_7
D:4:      layout_basic, nicolae_kikubaaqudgha_miasma_corner
D:5:      layout_gridville, tso_oasis_becter

Skill      XL: |  1  2  3  4  5  6 |
---------------+-------------------+-----
Ranged Weapons | 4 5 |  5.1
Fighting       | 3 4 |  4.0
Dodging        | 3 |  3.0
Armour         | 1 |  1.2
Stealth        | |  0.7

Action                     |  1- 3 |  4- 6 || total
---------------------------+-------+-------++-------
   Fire: Shortbow          |    90 |   186 ||   276
    Use: Scroll            |     2 |     6 ||     8
         Potion            |       |     1 ||     1
 Armour: Leather armour    |    26 |    54 ||    80
         Ring mail         |       |    47 ||    47
  Dodge: Dodged            |    28 |    91 ||   119

Table legend:
 A = Non-vault XP
 B = Vault XP
 C = Vault XP percentage of total XP
 D = Non-vault monster count
 E = Vault monster count
 F = Vault count percentage of total count
                 A         B        C        D         E       F
            +---------+---------+-------+---------+---------+-------
      Total |     435 |      40 |   8.4 |      78 |       3 |   3.7
            +---------+---------+-------+---------+---------+-------
        D:1 |      46 |       0 |   0.0 |      29 |       0 |   0.0
        D:2 |      33 |      36 |  52.2 |      10 |       1 |   9.1
        D:3 |      63 |       4 |   6.0 |      20 |       2 |   9.1
        D:4 |     194 |       0 |   0.0 |      12 |       0 |   0.0
        D:5 |      99 |       0 |   0.0 |       7 |       0 |   0.0
            +---------+---------+-------+---------+---------+-------
